 Dungeon Crawl Stone Soup version 0.29.1-13-g9f3cf754e1 (webtiles) character file.

Game seed: 5825685264255471994

101752 CungeonDrawl the Destroyer (level 15, -5/123 HPs)
             Began as a Demonspawn Fire Elementalist on Jan 24, 2023.
             Was an Initiate of Gozag.
             Succumbed to a swamp dragon's poison gas
             ... on level 1 of the Swamp on Jan 26, 2023.
             The game lasted 04:44:51 (43490 turns).

CungeonDrawl the Destroyer (DsFE)                  Turns: 43490, Time: 04:44:51

Health: -5/123     AC: 14    Str:  8    XL:     15   Next: 84%
Magic:  22/29      EV: 14    Int: 26    God:    Gozag
Gold:   2453       SH: 14    Dex: 21    Spells: 10/35 levels left

rFire   . . .      SeeInvis .   C - +8 Vampire's Tooth {vamp}
rCold   + + +      Faith    .   k - +3 buckler {rC+}
rNeg    + . .      Spirit   .   N - +3 ring mail of Theory {Rampage rF+ rC+}
rPois   .          Reflect  +   z - +0 helmet {Int+3}
rElec   .          Harm     .   O - scarf {repulsion}
rCorr   .          Rampage  +   T - +0 pair of gloves {Stlth+}
Will    +....                   (boots unavailable)
Stlth   +++.......              F - amulet of reflection
HPRegen 0.30/turn               j - +4 ring of evasion
MPRegen 0.21/turn               e - ring of the Evening {rF- rC+ rN+ Dex+6 Slay+5}

@: mighty, brilliant, lethally poisoned (-5 -> -44), hasted, invisible, repel
missiles, very quick
A: hooves 3, rugged brown scales 2, powered by death 2, spiny 2
a: Renounce Religion, Potion Petition, Call Merchant, Bribe Branch


You were on level 1 of the Swamp.
You worshipped Gozag.
Gozag was most pleased with you.
You visited 5 branches of the dungeon, and saw 24 of its levels.
You visited the Abyss 1 time.
You also visited: Bailey, Gauntlet and Ice Cave.

You collected 7993 gold pieces.
You spent 1588 gold pieces at shops.
You paid 3952 gold pieces to Gozag.

Inventory:

Hand Weapons
 C - the +8 Vampire's Tooth (weapon) {vamp}
   (You found it in a bailey)

   It occasionally heals its wielder for the full amount of damage dealt when it
   wounds a living foe.
Missiles
 y - 37 poisoned darts
 I - a throwing net
Armour
 k - a +3 buckler of cold resistance (worn)
 z - a +0 helmet of intelligence (worn)
 N - the +3 ring mail of Theory (worn) {Rampage rF+ rC+}
   (You found it on level 15 of the Dungeon)

   rF:        It protects you from fire.
   rC:        It protects you from cold.
   Rampage:   It bestows one free step when moving towards enemies.
 O - a scarf of repulsion (worn)
 T - a +0 pair of gloves of stealth (worn)
Jewellery
 e - the ring of the Evening (right hand) {rF- rC+ rN+ Dex+6 Slay+5}
   (You found it in a Gauntlet)

   [ring of dexterity]

   Dex:       It affects your dexterity (+6).
   Slay:      It affects your accuracy & damage with ranged weapons and melee
   (+5).
   rF:        It makes you vulnerable to fire.
   rC:        It protects you from cold.
   rN:        It protects you from negative energy.
 j - a +4 ring of evasion (left hand)
 F - an amulet of reflection (around neck)
Wands
 x - a wand of charming (22)
 B - a wand of mindburst (16)
 P - a wand of roots (11)
 Y - a wand of polymorph (10)
Scrolls
 c - 4 scrolls of silence
 d - 12 scrolls of teleportation
 f - 5 scrolls of immolation
 l - a scroll of torment
 m - 5 scrolls of vulnerability
 r - 6 scrolls of identify
 s - 4 scrolls of enchant armour
 t - 5 scrolls of blinking
 u - 2 scrolls of fear
 v - a scroll of noise
 D - 5 scrolls of poison
 J - 2 scrolls of amnesia
 K - 2 scrolls of brand weapon
 M - a scroll of magic mapping
 Z - 3 scrolls of fog
Potions
 a - 2 potions of flight
 b - 3 potions of magic
 g - 6 potions of resistance
 h - 3 potions of might
 n - 6 potions of mutation
 o - 3 potions of ambrosia
 p - a potion of brilliance
 q - 4 potions of haste
 A - 2 potions of attraction
 E - 4 potions of curing
 G - a potion of invisibility
 H - 3 potions of heal wounds
 L - a potion of lignification
 R - 2 potions of berserk rage
 W - a potion of cancellation
Miscellaneous
 i - a tin of tremorstones (2/2)
 w - a phantom mirror
 U - a phial of floods


   Skills:
 - Level 11.0 Fighting
 - Level 8.0 Short Blades
 - Level 7.0 Armour
 - Level 1.8 Dodging
 - Level 1.8 Stealth
 - Level 5.0 Shields
 * Level 10.6 Spellcasting
 * Level 14.8 Conjurations
 - Level 13.6 Fire Magic
 * Level 3.8 Ice Magic


You had 10 spell levels left.
You knew the following spells:

 Your Spells              Type           Power      Damage    Failure   Level
a - Foxfire               Conj/Fire      100%       2x1d9     1%          1
b - Scorch                Fire           100%       2d10      1%          2
c - Conjure Flame         Conj/Fire      93%        6-21      1%          3
d - Iskenderun's Battles  Conj           94%        2d14      1%          5
e - Starburst             Conj/Fire      46%        6d13      7%          6
f - Iskenderun's Mystic   Conj/Tloc      68%        2d14      7%          4
g - Hailstorm             Conj/Ice       76%        3d16      3%          4

Your spell library contained the following spells:

 Spells                   Type           Power      Damage    Failure   Level
 Static Discharge         Conj/Air       68%        3-12/arc  1%          2
 Flame Wave               Conj/Fire      93%        2d20      1%          4
 Sticky Flame             Conj/Fire      93%        2d10      1%          4
 Dazzling Flash           Conj/Hex       100%       N/A       2%          3
 Inner Flame              Hex/Fire       65%        N/A       2%          3
 Freeze                   Ice            100%       1d11      3%          1
 Frozen Ramparts          Ice            100%       1d16      9%          3
 Ensorcelled Hibernation  Hex/Ice        70%        N/A       10%         2
 Apportation              Tloc           40%        N/A       14%         1
 Irradiate                Conj/Tmut      34%        3d23      21%         5
 Lightning Bolt           Conj/Air       34%        1d51      21%         5
 Sublimation of Blood     Necr           20%        N/A       22%         2
 Freezing Cloud           Conj/Ice/Air   31%        6-21      32%         5
 Call Canine Familiar     Summ           20%        N/A       41%         3
 Portal Projectile        Hex/Tloc       40%        N/A       41%         3
 Spider Form              Tmut/Pois      20%        N/A       41%         3
 Iron Shot                Conj/Erth      34%        9d7       73%         6
 Airstrike                Air            10%        2d(2-18)  82%         4
 Anguish                  Hex/Necr       10%        N/A       82%         4
 Cause Fear               Hex            10%        N/A       82%         4
 Dispel Undead            Necr           20%        3d11      82%         4
 Leda's Liquefaction      Hex/Erth       10%        N/A       82%         4
 Petrify                  Tmut/Erth      20%        N/A       82%         4
 Summon Lightning Spire   Summ/Air       20%        N/A       82%         4
 Alistair's Intoxication  Tmut/Pois      13%        N/A       99%         5
 Borgnjor's Vile Clutch   Necr/Erth      10%        N/A       99%         5
 Summon Forest            Summ/Tloc      10%        N/A       99%         5
 Summon Mana Viper        Hex/Summ       20%        N/A       99%         5
 Spellforged Servitor     Conj/Summ      34%        N/A       99%         7
 Death Channel            Necr           10%        N/A       100%        6
 Eringya's Noxious Bog    Tmut/Pois      10%        N/A       100%        6
 Summon Cactus Giant      Summ           10%        N/A       100%        6
 Discord                  Hex            10%        N/A       100%        8
 Polar Vortex             Ice            25%        N/A       100%        9
 Corpse Rot               Necr/Pois/Air  Unusable   N/A       N/A         4
 Simulacrum               Ice/Necr       Unusable   N/A       N/A         6

Dungeon Overview and Level Annotations

Branches:
Dungeon (15/15)            Temple (1/1) D:6            Lair (5/5) D:8
  Swamp (1/4) Lair:2       Spider (0/4) Lair:3        Slime (0/5) Lair:5
    Orc (2/2) D:12            Elf (0/3) Orc:2        Vaults (0/5) D:14
 Depths (0/4) D:15         Bailey (visited)           IceCv (visited)
Gauntlet (visited)

Altars:
Ashenzari
Cheibriados
Dithmenos
Fedhas
Gozag
Hepliaklqana
Kikubaaqudgha
Makhleb
Nemelex Xobeh
Okawaru
Qazlal
Ru
Sif Muna
Trog
Uskayaw
Vehumet
Wu Jian
Xom
Yredelemnul
Jiyva

Shops:
D:2 (   D:3 ?   D:14 !?   D:15 [   Orc:1 (   Orc:2 (**(!([(

Portals:
Trove: D:11 (show slimy rune of Zot)

Annotations:
D:1 2 runed translucent doors
D:5 Edmund, Grinder
D:6 Pikel
Orc:2 3 runed translucent doors, po7itron's ghost, journeyman HOBe


Innate Abilities, Weirdness & Mutations

You have hooves in place of feet.
You are mostly covered in rugged brown scales. (AC +2, +5% HP)
You regenerate health from kills.
You are mostly covered in sharp spines.


Message History

* * * LOW HITPOINT WARNING * * *
x2 You feel extremely sick.
Okay, then.
Unknown command. [a] - 348 gold - brilliance and magic [b] - 754 gold - invisibility, might, haste and brilliance [c] - 324 gold - brilliance and magic Purchase which effect? [a] - 348 gold - brilliance and magic [b] - 754 gold - invisibility, might, haste and brilliance [c] - 324 gold - brilliance and magic Purchase which effect? [a] - 348 gold - brilliance and magic [b] - 754 gold - invisibility, might, haste and brilliance [c] - 324 gold - brilliance and magic Purchase which effect? [a] - 348 gold - brilliance and magic [b] - 754 gold - invisibility, might, haste and brilliance [c] - 324 gold - brilliance and magic Purchase which effect? [a] - 348 gold - brilliance and magic [b] - 754 gold - invisibility, might, haste and brilliance [c] - 324 gold - brilliance and magic Purchase which effect? [a] - 348 gold - brilliance and magic [b] - 754 gold - invisibility, might, haste and brilliance [c] - 324 gold - brilliance and magic Purchase which effect? [a] - 348 gold - brilliance and magic [b] - 754 gold - invisibility, might, haste and brilliance [c] - 324 gold - brilliance and magic Purchase which effect?
You no longer have enough gold to bribe branches to halt enemies' attacks and recruit allies.
You fade into invisibility!
You feel very mighty all of a sudden.
You feel yourself speed up.
You feel clever all of a sudden.
You are more poisoned.
* * * LOW HITPOINT WARNING * * *
You die...
Your body crumbles into a pile of gold.

♣.~♣♣~~§~~.~.~..§~.x♣
♣~~......~..~~~.~~§~♣
♣♣.~~§~~.~~~~~~.~♣~.♣
♣~~..~~..~.~~§.~~~○♣
♣♣.~~.~~♣~~~~>..♣♣♣§♣
♣♣.~~~.~§~~~..♣○x○§.~♣
~..~.~.§§~...♣♣○D°♣..♣
~.~.~§.~~~~~.♣♣○°♣♣..♣♣
.~§~....~~~~♣♣♣♣@♣♣.~~♣
~......^....♣ ♣○§<♣♣~♣♣
♣..........♣♣ ♣♣.♣♣♣.♣
♣♣♣♣.......§♣ ♣.♣ ♣.♣
♣♣♣..)..~♣♣ ♣♣♣ ♣♣♣ ♣♣
♣♣.......♣
.♣♣♣♣.......♣♣
...♣......~♣♣
...........♣


You could see a bunyip (unable to see you) and a swamp dragon (unable to see
you).

Vanquished Creatures
  A bunyip (Swamp:1)
  A minotaur (Gauntlet)
  2 fire dragons (D:15)
  Fannar (D:9)
  7 hydras
  A vault guard (D:14)
  3 boulder beetles
  3 alligators (Swamp:1)
  5 two-headed ogres
  A death knight (D:14)
  2 catoblepae
  15 death yaks
  5 tengu warriors
  An orc high priest (Orc:2)
  Amaemon (D:8)
  10 skeletal warriors (D:14)
  A swamp dragon (Swamp:1)
  An obsidian statue (Gauntlet)
  A bog body (Swamp:1)
  2 wizards (D:14)
  4 necromancers
  8 ugly things
  6 orc sorcerers
  2 manticores (D:15)
  A will-o-the-wisp (Lair:2)
  4 cyclopes
  A moth of wrath (shapeshifter) (D:15)
  4 black mambas
  3 elephants (Lair:5)
  24 cane toads
  3 ice statues (IceCv)
  2 gargoyles
  5 rime drakes
  3 kobold demonologists
  A yaktaur (D:14)
  An orange demon (Lair:1)
  7 komodo dragons
  A tengu conjurer (D:13)
  An anaconda simulacrum (IceCv)
  2 efreet (D:15)
  A freezing wraith (D:14)
  3 trolls (D:13)
  7 tyrant leeches
  A queen bee (Lair:1)
  A wind drake (shapeshifter) (D:14)
  A polar bear (Lair:3)
  6 hornets
  5 slime creatures (D:15)
  Prince Ribbit (D:6)
  24 blink frogs
  8 flying skulls (Gauntlet)
  2 culicivoras (Lair:3)
  2 vampires
  3 jumping spiders (Lair:3)
  A culicivora (shapeshifter) (D:14)
  35 yaks
  3 spriggans (Swamp:1)
  18 humans (D:14)
  6 wyverns
  Grum (Lair:1)
  4 wraiths
  2 redbacks (Lair:3)
  A steam dragon (D:6)
  12 vampire mosquitoes
  3 basilisks
  A harpy simulacrum (IceCv)
  2 wargs (Orc:1)
  2 swamp worms (Swamp:1)
  2 death yak simulacra (IceCv)
  4 acid dragons
  11 water moccasins
  24 orc warriors
  A sky beast (D:6)
  A swamp drake (Swamp:1)
  4 black bears
  2 ice beasts
  7 ogres
  29 wolves
  3 centaurs
  3 lemures
  2 phantoms
  3 kobold brigands
  Blork the orc (D:6)
  23 bullfrogs
  A necrophage (D:6)
  5 scorpions
  3 gnoll sergeants
  4 wights
  15 killer bees
  4 howler monkeys
  6 vampire bats (Bailey)
  8 wolf zombies (Bailey)
  An electric eel (Lair:3)
  5 hounds
  29 orc priests
  2 iguanas (D:6)
  An iron imp (D:10)
  Ijyb (D:5)
  39 orc wizards
  6 hell rats
  2 polar bear simulacra (IceCv)
  A wolf simulacrum (IceCv)
  14 gnolls
  8 adders
  2 shadow imps
  A white imp (D:5)
  3 worms
  2 dart slugs
  92 orcs
  6 ball pythons
  6 bats
  7 endoplasms
  5 giant cockroaches
  4 hobgoblins
  5 quokkas
  28 goblins
  18 kobolds
  17 orc zombies (Bailey)
  6 rats
780 creatures vanquished.

Vanquished Creatures (collateral kills)
  38 foxfires
38 creatures vanquished.

Vanquished Creatures (others)
  An adder (D:6)
  A butterfly (D:14)
  2739 foxfires
  43 fungi
  104 plants
2888 creatures vanquished.

Grand Total: 3706 creatures vanquished

Notes
Turn   | Place    | Note
-------+----------+-------------------------------------------
     0 | D:1      | CungeonDrawl the Demonspawn Fire Elementalist began the
                  | quest for the Orb.
     0 | D:1      | Reached XP level 1. HP: 13/13 MP: 3/3
   130 | D:1      | Found a large runed translucent door.
   130 | D:1      | Found a large runed translucent door.
   237 | D:1      | Found a faded altar of an unknown god.
   284 | D:1      | Gained mutation: You have large cloven feet. [demonic
                  | ancestry]
   284 | D:1      | Reached XP level 2. HP: 19/19 MP: 1/5
  1258 | D:2      | Gained mutation: You have hoof-like feet. [demonic
                  | ancestry]
  1258 | D:2      | Reached XP level 3. HP: 24/24 MP: 4/7
  1295 | D:2      | Learned a level 2 spell: Scorch
  2008 | D:2      | Found Yjakut's Antique Weapon Boutique.
  2186 | D:3      | Found Eggogur's Magic Scroll Emporium.
  2199 | D:3      | Bought a scroll of identify for 24 gold pieces
  2377 | D:3      | Found a sparkling altar of Nemelex Xobeh.
  2658 | D:3      | Gained mutation: You regenerate a little health from kills.
                  | [demonic ancestry]
  2658 | D:3      | Reached XP level 4. HP: 30/30 MP: 3/8
  2760 | D:3      | Found a hazy altar of Hepliaklqana.
  3440 | D:3      | Noticed a phantom
  3493 | D:3      | Gained mutation: You are partially covered in rugged brown
                  | scales. (AC +1, +3% HP) [demonic ancestry]
  3493 | D:3      | Reached XP level 5. HP: 30/36 MP: 6/10
  3553 | D:3      | Killed a phantom
  3683 | D:3      | Bought a scroll of teleportation for 36 gold pieces
  3953 | D:4      | Reached XP level 6. HP: 42/42 MP: 6/12
  4361 | D:4      | Found a basalt altar of Yredelemnul.
  4645 | D:5      | Entered Level 5 of the Dungeon
  4669 | D:5      | Noticed an ice beast
  4830 | D:5      | Reached skill level 5 in Fire Magic
  4884 | D:5      | Noticed Ijyb
  4893 | D:5      | Killed Ijyb
  4935 | D:5      | Reached skill level 5 in Spellcasting
  5080 | D:5      | Noticed Grinder
  5278 | D:5      | Reached XP level 7. HP: 23/47 MP: 9/14
  5481 | D:5      | Found a broken altar of Ashenzari.
  5674 | D:5      | Noticed Edmund
  6035 | D:5      | Reached XP level 8. HP: 53/53 MP: 4/17
  6039 | D:5      | Learned a level 3 spell: Conjure Flame
  6375 | D:6      | Noticed Prince Ribbit
  6375 | D:6      | Found a staircase to the Ecumenical Temple.
  6382 | D:6      | Killed Prince Ribbit
  6383 | D:6      | Reached skill level 2 in Conjurations
  6391 | Temple   | Entered the Ecumenical Temple
  6876 | D:6      | Reached skill level 3 in Conjurations
  7122 | D:6      | Reached skill level 4 in Conjurations
  7346 | D:6      | Found a shimmering altar of Xom.
  7751 | D:6      | Reached skill level 5 in Conjurations
  7814 | D:6      | Reached skill level 1 in Fighting
  7814 | D:6      | Gained mutation: You are mostly covered in rugged brown
                  | scales. (AC +2, +5% HP) [demonic ancestry]
  7814 | D:6      | Reached XP level 9. HP: 44/61 MP: 12/21
  8020 | D:6      | Noticed Pikel
  8461 | D:6      | Found a stormy altar of Qazlal.
  8510 | D:6      | Found a sacrificial altar of Ru.
  8581 | D:6      | Noticed Blork the orc
  8592 | D:6      | Killed Blork the orc
  8593 | D:6      | Reached skill level 1 in Armour
  9182 | D:7      | Identified the +7 ring mail of Resonance {Int+2}
  9592 | D:8      | Found a staircase to the Lair.
  9913 | D:8      | Found a radiant altar of Vehumet.
 10192 | D:8      | Found an opulent altar of Gozag.
 10198 | D:8      | Became a worshipper of Gozag Ym Sagoz the Greedy
 10676 | D:8      | Found an iron altar of Okawaru.
 10830 | D:9      | Reached skill level 6 in Conjurations
 10965 | D:9      | Reached XP level 10. HP: 76/76 MP: 17/22
 11438 | D:9      | Noticed a two-headed ogre
 11463 | D:9      | Killed a two-headed ogre
 11807 | D:9      | Reached skill level 5 in Armour
 12026 | D:9      | Found an ancient bone altar of Kikubaaqudgha.
 12355 | D:9      | Found a burning altar of Makhleb.
 12507 | D:10     | Entered Level 10 of the Dungeon
 12637 | D:10     | Found a flagged portal.
 12668 | Bailey   | Entered a bailey
 12707 | Bailey   | Reached skill level 7 in Conjurations
 13205 | Bailey   | Noticed a gargoyle
 13256 | Bailey   | Killed a gargoyle
 13608 | Bailey   | Found the +8 Vampire's Tooth {vamp}
 13660 | Bailey   | Reached skill level 1 in Short Blades
 13975 | Bailey   | Identified the +0 robe of the Sacrificial Victim {Rampage}
 14252 | D:10     | Found a snail-covered altar of Cheibriados.
 14376 | D:10     | Noticed Fannar
 14470 | D:9      | Killed Fannar
 14471 | D:9      | Reached skill level 8 in Conjurations
 14471 | D:9      | Gained mutation: You regenerate health from kills. [demonic
                  | ancestry]
 14471 | D:9      | Reached XP level 11. HP: 28/81 MP: 18/23
 14763 | D:10     | Noticed a two-headed ogre
 14776 | D:10     | Killed a two-headed ogre
 15100 | D:10     | Found a hide-covered altar of Uskayaw.
 15103 | D:10     | Noticed a +0 falchion
 15109 | D:10     | Noticed a +0 falchion
 15110 | D:10     | Noticed a +0 spear
 15110 | D:10     | Noticed a +0 spear
 15111 | D:10     | Noticed a +0 short sword
 15112 | D:10     | Noticed a +0 dagger
 15227 | D:10     | Noticed a +0 short sword
 15228 | D:10     | Noticed a +0 dagger
 15414 | D:11     | Noticed a two-headed ogre
 15483 | D:11     | Killed a two-headed ogre
 15840 | D:11     | Noticed a green ugly thing
 16081 | D:11     | Reached skill level 9 in Conjurations
 16223 | D:11     | Killed a green ugly thing
 16375 | D:11     | Found a portal to a secret trove of treasure.
 17383 | D:12     | Noticed a six-headed hydra
 17438 | D:12     | Noticed a cyan ugly thing
 17553 | Lair:1   | Entered Level 1 of the Lair of Beasts
 17553 | Lair:1   | Noticed Grum
 17566 | Lair:1   | Noticed Amaemon
 17567 | Lair:1   | Killed Grum
 17844 | Lair:1   | Noticed a five-headed hydra
 17892 | D:8      | Killed Amaemon
 18106 | D:8      | Killed a five-headed hydra
 18107 | D:8      | Reached skill level 10 in Conjurations
 18107 | D:8      | Reached skill level 10 in Fire Magic
 19370 | Lair:1   | Gained mutation: You are partially covered in sharp spines.
                  | [demonic ancestry]
 19370 | Lair:1   | Reached XP level 12. HP: 75/88 MP: 7/24
 19568 | Lair:1   | Learned a level 5 spell: Iskenderun's Battlesphere
 19575 | Lair:1   | Learned a level 6 spell: Starburst
 19711 | Lair:2   | Reached skill level 11 in Conjurations
 19716 | Lair:2   | Learned a level 4 spell: Iskenderun's Mystic Blast
 20407 | Lair:2   | Noticed a six-headed hydra
 20414 | Lair:2   | Killed a six-headed hydra
 20843 | Lair:2   | Found a staircase to the Swamp.
 21202 | Lair:3   | Reached skill level 12 in Conjurations
 21364 | Lair:3   | Found a gate leading to a gauntlet.
 21370 | Lair:3   | Noticed a catoblepas
 21379 | Lair:3   | Killed a catoblepas
 21429 | Gauntlet | Entered a Gauntlet
 21429 | Gauntlet | Found a transporter.
 21484 | Gauntlet | Found a transporter.
 21485 | Gauntlet | Found a transporter.
 21486 | Gauntlet | Found a transporter.
 21493 | Gauntlet | Found a transporter.
 21496 | Gauntlet | Found a transporter.
 21497 | Gauntlet | Found a transporter.
 21507 | Gauntlet | Found a transporter.
 21509 | Gauntlet | Found a transporter.
 21510 | Gauntlet | Found a transporter.
 21518 | Gauntlet | Found a transporter.
 21521 | Gauntlet | Found a transporter.
 21522 | Gauntlet | Found a transporter.
 21526 | Gauntlet | Noticed a death yak
 21528 | Gauntlet | Noticed a death yak
 21528 | Gauntlet | Noticed a death yak
 21529 | Gauntlet | Noticed a death yak
 21529 | Gauntlet | Noticed a death yak
 21530 | Gauntlet | Noticed a death yak
 21530 | Gauntlet | Found a transporter.
 21786 | Gauntlet | Identified the amulet of Equilibrium {Faith Contam Harm
                  | rPois Dex-4}
 21918 | Gauntlet | Identified the +0 scale mail "Echi Bid" {rPois Slay+3 SInv}
 22110 | Gauntlet | Identified the ring of the Evening {rF- rC+ rN+ Dex+6
                  | Slay+5}
 22144 | Gauntlet | Killed a death yak
 22147 | Gauntlet | Killed a death yak
 22148 | Gauntlet | Reached skill level 13 in Conjurations
 22148 | Gauntlet | Gained mutation: You are mostly covered in sharp spines.
                  | [demonic ancestry]
 22148 | Gauntlet | Reached XP level 13. HP: 31/94 MP: 5/25
 22401 | Gauntlet | Noticed a minotaur
 22461 | Gauntlet | Killed a minotaur
 22720 | Gauntlet | Found the +5 lochaber axe {reach-cleave, poleaxe}
 22725 | Gauntlet | Identified the +2 quick blade of Bemak {freeze, Int+3}
 22829 | Lair:3   | Found a radiant altar of Vehumet.
 23527 | Lair:3   | Found a hole to the Spider Nest.
 23553 | Lair:3   | Reached skill level 5 in Fighting
 23701 | Lair:3   | Reached skill level 1 in Shields
 24553 | Lair:4   | Found a frozen archway.
 24704 | IceCv    | Entered an ice cave
 27563 | Lair:4   | You fall into a shaft and drop 1 floor!
 27563 | Lair:5   | Entered Level 5 of the Lair of Beasts
 27733 | Lair:5   | Reached skill level 5 in Short Blades
 28438 | Lair:5   | Gained mutation: You have hooves in place of feet. [demonic
                  | ancestry]
 28438 | Lair:5   | Reached XP level 14. HP: 108/108 MP: 12/26
 28742 | Lair:5   | Reached skill level 5 in Shields
 29564 | Lair:4   | Identified a scroll of acquirement
 29622 | Lair:4   | Acquired 776 gold pieces
 31735 | Lair:5   | Found a staircase to the Slime Pits.
 31761 | Lair:5   | Found a viscous altar of Jiyva.
 32668 | D:12     | Found a staircase to the Orcish Mines.
 33137 | D:12     | Reached skill level 10 in Fighting
 35982 | D:14     | Reached XP level 15. HP: 65/123 MP: 14/28
 36321 | D:14     | Found a blossoming altar of Fedhas.
 37409 | D:14     | Found a gate to the Vaults.
 37828 | D:14     | Bought a potion of heal wounds for 85 gold pieces
 37828 | D:14     | Bought a potion of haste for 170 gold pieces
 37828 | D:14     | Bought a potion of haste for 170 gold pieces
 37828 | D:14     | Bought a potion of resistance for 170 gold pieces
 37830 | D:14     | Bought 3 scrolls of blinking for 427 gold pieces
 37885 | D:15     | Entered Level 15 of the Dungeon
 38316 | D:15     | Reached skill level 14 in Conjurations
 38459 | D:15     | Found Byffowio's Armour Shop.
 39226 | D:15     | Found a staircase to the Depths.
 39510 | D:15     | Identified the +3 ring mail of Theory {Rampage rF+ rC+}
 39806 | Abyss:3  | Found a corrupted altar of Lugonu.
 39806 | Abyss:3  | Cast into level 3 of the Abyss (a wizard)
 39855 | D:14     | Escaped the Abyss
 39959 | Orc:1    | Entered Level 1 of the Orcish Mines
 39989 | Orc:1    | Reached skill level 10 in Spellcasting
 39989 | Orc:1    | Reached skill level 1 in Ice Magic
 40194 | Orc:2    | Entered Level 2 of the Orcish Mines
 40194 | Orc:2    | Found a staircase to the Elven Halls.
 40194 | Orc:2    | Found Puir's Weapon Shoppe.
 40608 | Orc:2    | Found Daatz's Distillery.
 40608 | Orc:2    | Found Foilom's Assorted Antiques.
 40608 | Orc:2    | Found Hocucaca's Antique Weapon Boutique.
 40619 | Orc:2    | Found Tuwnuwar's Assorted Antiques.
 40837 | Orc:2    | Bought a potion of heal wounds for 135 gold pieces
 40837 | Orc:2    | Bought a potion of invisibility for 216 gold pieces
 40865 | Orc:2    | Found Tiret's Weapon Boutique.
 40875 | Orc:2    | Found Higeph's Armour Shop.
 40887 | Orc:2    | Found Vuhiokim's Antique Weapon Emporium.
 41382 | Orc:2    | Found a runed translucent gate.
 41382 | Orc:2    | Found a runed translucent gate.
 41382 | Orc:2    | Found an iron altar of Okawaru.
 41382 | Orc:2    | Found a runed translucent gate.
 41382 | Orc:2    | Noticed po7itron's ghost (journeyman HOBe)
 41503 | Orc:2    | Bought a potion of heal wounds for 155 gold pieces
 41971 | Orc:1    | Found Kuaraeci's Antique Weapon Shop.
 42592 | Swamp:1  | Entered Level 1 of the Swamp
 42598 | Swamp:1  | Learned a level 4 spell: Hailstorm
 43490 | Swamp:1  | HP: 4/123 [swamp dragon] (9)]
 43490 | Swamp:1  | Succumbed to a swamp dragon's poison gas

Illustrated notes

Levels and vault maps discovered:
D:1:      erik_arrival_cave_to_civilisation [erik_arrival_cave_to_temple],
          layout_basic, hellmonk_ecumenical_altar_arch_garden, bh_walls_and_bars
D:2:      layout_basic, serial_forest, infiniplex_forest_clump_C,
          infiniplex_forest_clump_curved, infiniplex_forest_straight_2,
          infiniplex_forest_clump_diagonal, infiniplex_forest_zigzag_2,
          infiniplex_forest_zigzag_1, serial_shops, shop
D:3:      minmay_octagon_keep, layout_loops_corners,
          nemelex_diamond_rough_becter, old_standard_altar, serial_shops,
          nicolae_shop_statue_plus
D:4:      layout_cave_pods, mainiacjoe_overflow_tiny_flanked
D:5:      layout_gridville, ashenzari_conservatory_becter, minmay_ogre_servants,
          uniq_grinder, uniq_ijyb, uniq_edmund
D:6:      old_forge, layout_loops_cross, nicolae_ru_the_path_less_chosen,
          nicolae_qazlal_style_of_elements, xom_confusion_cloud,
          minmay_temple_entry_trees, hangedman_abyss_or_decor_jellyfish_corner,
          kennysheep_another_room, due_unseen_surprise, uniq_pikel,
          uniq_prince_ribbit1, uniq_blork_the_orc
D:7:      layout_cave_pools, st_stairs_10, chequers_serial_rivers_large_a,
          columned_hall_lemuel
D:8:      layout_basic, overflow_temple_1_default, grunt_gozag_breadcrumbs,
          kennysheep_little_box, mainiacjoe_overflow_concentric_impassable,
          dpeg_oklobed_lair
D:9:      layout_irregular_city, kennysheep_mini_moat,
          mainiacjoe_overflow_alcove_4, sword_in_stone
D:10:     layout_loops_ring, slow_altar_1, nicolae_uskayaw_en_pointe,
          lightli_bailey_entry_fortress, uniq_fannar
D:11:     layout_layer_cave, enter_trove_3
D:12:     layout_basic, erik_orc_4
D:13:     layout_loops_corners, minmay_stone_trees_large
D:14:     layout_stronghold, grunt_vaults_entry_tiered,
          nicolae_elyvilon_peaceful_grove, fedhas_ov_isle_minmay
D:15:     grunt_enter_depths_hoard, layout_small_grid, serial_shops, shop
Temple:   hellmonk_temple_beads
Lair:1:   beast_lair_carwin_large_3, layout_loops_ring, special_room
          [special_room_bee], infiniplex_staircase_pool_2, uniq_grum,
          uniq_amaemon
Lair:2:   layout_chaotic_city, minmay_swamp_entry_wisps
Lair:3:   layout_regular_city, nicolae_spider_entry_tight_spaces, basic_altar,
          serial_bayou, serial_bayou_pond_e, serial_bayou_shore_b,
          serial_bayou_pond_c, serial_bayou_shore_a, serial_bayou_pond_c,
          gauntlet_entry_generic, minivault_26
Lair:4:   layout_cave_pods, portal_ice_cave_entry_animals_and_master,
          grunt_megastairs_2, lemuel_fruit_tree
Lair:5:   minmay_lair_end_frog_pond, layout_cave_pods, slime_entry_1
Swamp:1:  layout_falls_marsh, nicolae_swamp_trees_clearing
Orc:1:    layout_diamond_mine, serial_shops, shop_statue, basic_altar,
          nicolae_orc_pool_cavern
Orc:2:    st_orc_mages, layout_caves, serial_shops, shop, shop_fountains, shop,
          shop, gammafunk_ghost_fury_of_okawaru

Skill      XL: |  1  2  3  4  5  6  7  8  9 10 11 12 13 14 15 |
---------------+----------------------------------------------+-----
Fire Magic     | 3 4 5 6 8 10 12 13 | 13.6
Spellcasting   | 3 4 5 6 8 9 10 | 10.6
Conjurations   | 5 6 8 10 13 14 | 14.8
Fighting       | 1 4 7 11 | 11.0
Armour         | 4 5 7 |  7.0
Short Blades   | 2 5 8 |  8.0
Shields        | 4 5 |  5.0
Ice Magic      | 3 |  3.8
Dodging        | |  1.8
Stealth        | |  1.8

Action                   |  1- 3 |  4- 6 |  7- 9 | 10-12 | 13-15 || total
-------------------------+-------+-------+-------+-------+-------++-------
Melee: Trident           |     7 |       |       |       |       ||     7
       Short sword       |     6 |    11 |    31 |    13 |       ||    61
       Kick              |     3 |     5 |    15 |    59 |   235 ||   317
       Quick blade       |       |       |       |   211 |   696 ||   907
       Punch             |       |       |       |     6 |     2 ||     8
Throw: Dart              |       |       |     2 |     8 |     3 ||    13
 Cast: Foxfire           |    57 |    60 |   141 |   269 |  1069 ||  1596
       Scorch            |     7 |    26 |   120 |   268 |   213 ||   634
       Conjure Flame     |       |       |     6 |    11 |     9 ||    26
       Iskenderun's Batt |       |       |       |    22 |   162 ||   184
       Iskenderun's Myst |       |       |       |    11 |     4 ||    15
Invok: Potion Petition   |       |       |       |     2 |     3 ||     5
       Call Merchant     |       |       |       |       |     2 ||     2
  Use: Scroll            |     5 |     5 |     5 |    10 |    16 ||    41
       Potion            |       |       |     2 |     8 |     9 ||    19
 Stab: Sleeping          |     2 |       |       |       |       ||     2
       Distracted        |       |       |       |     2 |     5 ||     7
       Invisible         |       |       |       |     1 |       ||     1
       Petrified         |       |       |       |       |     1 ||     1
Armor: Robe              |     4 |     2 |    20 |       |       ||    26
       Ring mail         |       |       |     5 |   159 |   162 ||   326
       Leather armour    |       |       |     5 |       |       ||     5
       Skin              |       |       |       |    11 |    14 ||    25
Dodge: Dodged            |     7 |     6 |    49 |   149 |   268 ||   479
       Repelled          |       |       |       |       |    12 ||    12
Block: Buckler           |       |       |       |       |   265 ||   265
       Kite shield       |       |       |       |       |     7 ||     7
       Reflection        |       |       |       |       |    10 ||    10
